 Dungeon Crawl Stone Soup version 0.31-a0-198-g2ad674f65e (webtiles) character file.

Game seed: 17428228075568372538

44 qw the Shooter (level 3, -1/20 HPs)
             Began as a Deep Elf Hunter on June 25, 2023.
             Slain by a gnoll
             ... wielding a +0 spear
              (5 damage)
             ... on level 2 of the Dungeon.
             The game lasted 00:00:22 (824 turns).

qw the Shooter (Deep Elf Hunter)                     Turns: 824, Time: 00:00:23

Health: -1/20      AC:  5    Str: 10    XL:     3   Next: 41%
Magic:  5/5        EV: 11    Int: 13    God:
Gold:   104        SH:  0    Dex: 18    Spells: 2/2 levels left

rFire   . . .        Y - +1 shortbow
rCold   + . .        (shield currently unavailable)
rNeg    . . .        g - +0 ring mail
rPois   .            a - +0 hat of Meghu {Rampage rC+ Regen+}
rElec   .            (no cloak)
rCorr   .            (no gloves)
SInv    .            (no boots)
Will    .....        (no amulet)
Stlth   +            (no ring)
HPRegen 1.03/turn    (no ring)
MPRegen 0.09/turn

%: rampage
@: no status effects
A: no striking features
a: no special abilities


You were on level 2 of the Dungeon.
You visited 1 branch of the dungeon, and saw 2 of its levels.

You collected 104 gold pieces.


   Skills:
 - Level 1.5 Fighting
 + Level 7.0 Ranged Weapons
 - Level 2.4 Dodging
 - Level 1.2 Stealth


You had 2 spell levels left.
You didn't know any spells.
Your spell library was empty.

Inventory:

Hand Weapons
 Y - a +1 shortbow (weapon)
Armour
 a - the +0 hat of Meghu (worn) {Rampage rC+ Regen+}
   (You acquired it on level 1 of the Dungeon)

   rC:        It protects you from cold.
   Regen:     It increases your rate of health regeneration.
   Rampage:   It bestows one free step when moving towards enemies.
 b - a +0 pair of boots
 g - a +0 ring mail (worn)
Potions
 e - a potion of invisibility {unknown}
 j - a potion of degeneration {unknown}

Dungeon Overview and Level Annotations

Branches:
Dungeon (2/15)

Altars:
Kikubaaqudgha


Message History

You shoot an arrow.
The arrow hits the gnoll but does no damage.
The gnoll is heavily wounded.
You shoot an arrow. The arrow closely misses the gnoll.
You shoot an arrow. The arrow hits the gnoll.
The gnoll is almost dead.
A gnoll comes into view. It is wielding a +0 halberd.
You shoot an arrow. The arrow hits the gnoll.
You kill the gnoll!
Your Ranged Weapons skill increases to level 7!
You shoot an arrow. The arrow barely misses the gnoll.
A goblin comes into view. It is wielding a +0 dagger.
The gnoll hits you but does no damage. The gnoll closely misses you.
You shoot an arrow. The goblin shouts!
The arrow hits the gnoll.
The gnoll is moderately wounded.
The gnoll hits you from afar with a +0 spear.
You shoot an arrow. The arrow barely misses the gnoll.
The gnoll misses you.
You shoot an arrow.
The arrow hits the gnoll but does no damage.
The gnoll is moderately wounded.
The gnoll closely misses you. The gnoll barely misses you.
You shoot an arrow. The arrow barely misses the gnoll.
The gnoll hits you from afar with a +0 spear.
The gnoll hits you from afar with a +0 halberd.
You shoot an arrow. The arrow hits the gnoll.
The gnoll is heavily wounded.
The gnoll hits you from afar with a +0 spear!
The gnoll barely misses you. The goblin completely misses you.
The gnoll barely misses you. x2
You shoot an arrow. The arrow hits the goblin.
The goblin is moderately wounded.
The goblin hits you but does no damage.
The gnoll hits you from afar with a +0 halberd.
The gnoll closely misses you.
You shoot an arrow. The arrow barely misses the goblin.
The gnoll hits you from afar with a +0 spear.
You die...

#...## #####...##
.......... #####...## #
#### ###########...##
##.#... #..........%..##
....... #...........####
#.#.gg##...............
#...g)@...7P.P7......##
#......##..77~77###.#...
#...... #.777~.77...#..#
#...... ##77P.7777......
....... 77~.77777....
#...###77777~~..~7P7.#..
#... ..~.~~~~~~~~~..#..
.## 7P77P~~~P7P~~.#..
777.777777....


You could see 2 gnolls and a goblin.

Vanquished Creatures
  A gnoll (D:2)
  An adder (D:2)
  A dart slug (D:1)
  2 endoplasms
  3 giant cockroaches
  A goblin (D:2)
  2 hobgoblins (D:1)
  3 kobolds
  4 quokkas
  2 ball pythons
  A rat (D:1)
21 creatures vanquished.

Notes
Turn   | Place    | Note
-------+----------+-------------------------------------------
     0 | D:1      | qw the Deep Elf Hunter began the quest for the Orb.
     0 | D:1      | Reached XP level 1. HP: 12/12 MP: 3/3
     0 | D:1      | 0 ||| qw: Version: 0.3-a-22-g0ed2b0b
     0 | D:1      | 0 ||| qw: Game counter: 5456
     0 | D:1      | 0 ||| qw: Melee chars always use a shield: true
     0 | D:1      | 0 ||| qw: God list: Okawaru
     0 | D:1      | 0 ||| qw: Allow faded altars: false
     0 | D:1      | 0 ||| qw: Do Orc after clearing Dungeon:15 true
     0 | D:1      | 0 ||| qw: Do second Lair branch before Depths: true
     0 | D:1      | 0 ||| qw: Lair rune preference: random
     0 | D:1      | 0 ||| qw: Goals: Normal
     0 | D:1      | 0 ||| PLANNING D:1-11
   172 | D:1      | Reached XP level 2. HP: 16/16 MP: 4/4
   178 | D:1      | Reached skill level 6 in Ranged Weapons
   467 | D:1      | 467 ||| UPGRADING to +0 ring mail.
   477 | D:1      | 477 ||| DROPPING +0 leather armour.
   478 | D:1      | 478 ||| READING scroll labelled MAMOOD ITETOA.
   479 | D:1      | 479 ||| READING scroll labelled RIENAA WUDIS.
   480 | D:1      | 480 ||| READING scroll labelled ROGASIBR TIROIREO.
   481 | D:1      | 481 ||| READING scroll labelled ITWAUNWYNE.
   481 | D:1      | Identified a scroll of acquirement
   481 | D:1      | 481 ||| ACQUIRING +0 hat of Meghu {Rampage rC+ Regen+}
   481 | D:1      | Acquired the +0 hat of Meghu {Rampage rC+ Regen+}
   483 | D:1      | 483 ||| UPGRADING to +0 hat of Meghu {Rampage rC+ Regen+}.
   488 | D:1      | 488 ||| DROPPING scroll of butterflies.
   490 | D:1      | 490 ||| Stepping ~*~*~tactically~*~*~ (cloud).
   533 | D:2      | Found an ancient bone altar of Kikubaaqudgha.
   606 | D:2      | Reached XP level 3. HP: 20/20 MP: 5/5
   817 | D:2      | Reached skill level 7 in Ranged Weapons
   822 | D:2      | HP: 5/20 [gnoll/+0 spear (8)]
   823 | D:2      | HP: 2/20 [gnoll/+0 halberd (4)]
   824 | D:2      | Slain by a gnoll

Levels and vault maps discovered:
D:1:      enne_arrival_octagon_isle, layout_basic
D:2:      layout_basic, basic_altar, serial_bayou_crossing

Skill      XL: |  1  2  3 |
---------------+----------+-----
Ranged Weapons | 6 7 |  7.0
Fighting       | |  1.5
Dodging        | |  2.4
Stealth        | |  1.2

Action                     || total
---------------------------++-------
   Fire: Shortbow          ||    69
    Use: Scroll            ||     4
 Armour: Ring mail         ||     7
  Dodge: Dodged            ||    17

Table legend:
 A = Non-vault XP
 B = Vault XP
 C = Vault XP percentage of total XP
 D = Non-vault monster count
 E = Vault monster count
 F = Vault count percentage of total count
                 A         B        C        D         E       F
            +---------+---------+-------+---------+---------+-------
      Total |      64 |       0 |   0.0 |      21 |       0 |   0.0
            +---------+---------+-------+---------+---------+-------
        D:1 |      23 |       0 |   0.0 |      12 |       0 |   0.0
        D:2 |      41 |       0 |   0.0 |       9 |       0 |   0.0
            +---------+---------+-------+---------+---------+-------
